 Dungeon Crawl Stone Soup version 0.26-a0-519-gb2f46ef (webtiles) character file.

Game seed: 10402149245383349980

1960 Cheivey the Covered (level 9, -12/55 HPs)
             Began as a Gargoyle Fighter on Aug 11, 2020.
             Was a Follower of the Shining One.
             Collided with a rock wall (13 damage)
             ... caused by Erica
             ... on level 8 of the Dungeon.
             The game lasted 00:09:26 (6282 turns).

Cheivey the Covered (Gargoyle Fighter)              Turns: 6282, Time: 00:09:27

Health: -12/55     AC: 23    Str: 23    XL:     9   Next: 19%
Magic:  11/11      EV:  3    Int:  9    God:    the Shining One [*.....]
Gold:   366        SH: 18    Dex:  9    Spells: 8/8 levels left

rFire    . . .     SeeInvis .   a - +0 flail
rCold    . . .     Faith    .   f - +2 tower shield
rNeg     + . .     Spirit   .   g - +0 plate armour
rPois    ∞         Reflect  .   q - +0 helmet
rElec    +         Harm     .   (no cloak)
rCorr    .                      h - +0 pair of gloves
MR       .....                  A - +0 pair of boots
Stlth    ..........             (no amulet)
HPRegen  0.18/turn              (no ring)
MPRegen  0.12/turn              (no ring)

@: slowed, glowing, very slow
A: negative energy resistance 1, electricity resistance, unbreathing,
petrification resistance, rot immunity, AC +6
a: Renounce Religion


You were on level 8 of the Dungeon.
You worshipped the Shining One.
The Shining One was aware of your devotion.
You visited 1 branch of the dungeon, and saw 8 of its levels.

You collected 504 gold pieces.
You spent 138 gold pieces at shops.

Inventory:

Hand Weapons
 a - a +0 flail (weapon)
Armour
 f - a +2 tower shield (worn)
 g - a +0 plate armour (worn)
 h - a +0 pair of gloves (worn)
 q - a +0 helmet (worn)
 A - a +0 pair of boots (worn)
Scrolls
 e - 5 scrolls of teleportation
 l - a scroll of amnesia
 m - 4 scrolls of remove curse
 o - a scroll of fear
 t - 2 scrolls of fog
 w - a scroll of enchant weapon
 x - a scroll of summoning
 y - a scroll of identify
 B - a scroll of acquirement {unknown}
 D - a scroll of enchant armour
Potions
 b - a potion of mutation
 c - a potion of cancellation
 d - a potion of might
 i - a potion of magic
 j - 5 potions of haste
 k - a potion of berserk rage
 n - 4 potions of curing
 p - 2 potions of heal wounds
 r - a potion of experience {unknown}
 s - a potion of lignification
 u - 3 potions of flight {unknown}
 v - a potion of resistance {unknown}
 z - a potion of ambrosia {unknown}
 C - a potion of degeneration {unknown}


   Skills:
 + Level 5.9 Fighting
 + Level 4.8 Maces & Flails
 * Level 7.8 Armour
 * Level 7.8 Shields
 + Level 3.9 Invocations


You had 8 spell levels left.
You didn't know any spells.
Your spell library was empty.

Dungeon Overview and Level Annotations

Branches:
Dungeon (8/15)             Temple (0/1) D:6
   Lair: D:8-11

Altars:
Uskayaw
The Shining One

Shops:
D:5 ?   D:6 }   D:8 }

Annotations:
D:8 Erica


Innate Abilities, Weirdness & Mutations

You are resistant to torment.
Your stone body is resilient. (AC +6)
You are immune to poison.
You resist negative energy. (rN+)
You are resistant to electric shocks. (rElec)
You can survive without breathing.
You are immune to petrification.
You are immune to rotting.


Message History

The lance of force hits you but does no damage.
You feel much better.
Erica says, "I'm so much better than you."
You block Erica's attack.
You barely miss Erica.
Erica is almost dead.
Erica hits you but does no damage. x2
You barely miss Erica.
Erica is almost dead.
You block Erica's attack. Erica gestures at you while chanting.
The lance of force hits you!
You are knocked back by the lance of force.
You slam into the rock wall!
Erica gestures at you while chanting. The lance of force hits you!!
* * * LOW HITPOINT WARNING * * *
You are knocked back by the lance of force.
You slam into the rock wall!
You die...

###########
#........@#
#.#######.#
#.#### #@#
#..∩.# #.#
###..# #.#
#...<.#.#
#..
.....#.#.#
### ####
#.#.# ..
..#.#


You could see Erica.

Vanquished Creatures
  A hippogriff (D:5)
  Menkaure (D:5)
  An orc warrior (D:6)
  A black bear (D:6)
  A necrophage (D:5)
  2 ogres (D:6)
  A phantom (D:3)
  A centaur (D:6)
  A bullfrog (D:7)
  A scorpion (D:6)
  A jelly (D:5)
  2 bullfrog zombies (D:7)
  4 hounds
  2 orc priests
  9 orc wizards
  3 worker ants
  A worker ant zombie (D:5)
  10 gnolls (D:7)
  7 adders
  A white imp (D:7)
  An ooze (D:3)
  An adder skeleton (D:5)
  2 worms (D:2)
  4 dart slugs
  6 leopard geckos
  31 orcs
  A ball python (D:4)
  5 giant cockroaches
  16 goblins
  12 hobgoblins
  6 jackals
  7 kobolds
  A quokka (D:2)
  8 bats
  A frilled lizard (D:2)
  A leopard gecko skeleton (D:6)
  14 rats
168 creatures vanquished.

Notes
Turn   | Place    | Note
-------+----------+-------------------------------------------
     0 | D:1      | Cheivey the Gargoyle Fighter began the quest for the Orb.
     0 | D:1      | Reached XP level 1. HP: 14/14 MP: 1/1
   196 | D:1      | Reached XP level 2. HP: 19/19 MP: 2/2
   497 | D:1      | Reached XP level 3. HP: 23/23 MP: 3/3
  1452 | D:2      | Reached XP level 4. HP: 29/29 MP: 4/4
  2219 | D:3      | Reached XP level 5. HP: 24/33 MP: 5/5
  2444 | D:3      | Found a glowing golden altar of the Shining One.
  2539 | D:3      | Became a worshipper of the Shining One
  2782 | D:3      | Noticed a phantom
  2815 | D:3      | Killed a phantom
  2815 | D:3      | Reached skill level 5 in Armour
  2815 | D:3      | Reached skill level 5 in Shields
  2815 | D:3      | Reached XP level 6. HP: 26/38 MP: 6/6
  3131 | D:4      | Found a hide-covered altar of Uskayaw.
  3140 | D:4      | Reached skill level 1 in Invocations
  3278 | D:4      | Reached XP level 7. HP: 36/44 MP: 6/8
  3616 | D:5      | Entered Level 5 of the Dungeon
  3813 | D:5      | Reached * piety under the Shining One
  3848 | D:5      | Noticed a hippogriff
  3858 | D:5      | Killed a hippogriff
  4087 | D:5      | Noticed Menkaure
  4094 | D:5      | Killed Menkaure
  4094 | D:5      | Reached skill level 5 in Fighting
  4094 | D:5      | Reached XP level 8. HP: 49/49 MP: 9/9
  4199 | D:5      | Found Duziddo's Magic Scroll Shoppe.
  4202 | D:5      | Bought a scroll of summoning for 114 gold pieces
  4202 | D:5      | Bought a scroll of identify for 24 gold pieces
  4461 | D:6      | Found Fuzo's Gadget Shop.
  4919 | D:6      | Found a staircase to the Ecumenical Temple.
  5366 | D:7      | Reached XP level 9. HP: 50/55 MP: 11/11
  6242 | D:8      | Found Zubus's Gadget Boutique.
  6259 | D:8      | Noticed Erica
  6282 | D:8      | HP: 1/55 [Erica/lance of force (27)]
  6282 | D:8      | Collided with a rock wall

Illustrated notes

Levels and vault maps discovered:
D:1:      saegor_arrival_miasma, layout_loops_corners
D:2:      cheibrodos_greedy_goblins, layout_basic, kennysheep_boxes
D:3:      layout_basic, minivault_23, st_stairs_1, minmay_crystal_room,
          tso_metal_star
D:4:      layout_cave_pools, eat_drink_and_be_merry_uskayaw
D:5:      layout_basic, serial_shops, kennysheep_mini, uniq_menkaure
D:6:      layout_gridville, temple_hall, serial_shops, shop, minivault_23,
          minmay_misc_feat_roman
D:7:      layout_rooms
D:8:      layout_basic, serial_shops, shop, uniq_psyche, uniq_erica

Skill      XL: |  1  2  3  4  5  6  7  8 |
---------------+-------------------------+-----
Shields        | 4 5 6 7 |  7.8
Armour         | 4 5 6 7 |  7.8
Fighting       | 4 5 |  5.9
Maces & Flails | 3 4 |  4.8
Invocations    | 1 2 3 |  3.9

Action                   |  1- 3 |  4- 6 |  7- 9 || total
-------------------------+-------+-------+-------++-------
Melee: Flail             |   132 |   276 |   237 ||   645
  Use: Scroll            |    10 |     3 |     2 ||    15
       Potion            |     2 |       |     2 ||     4
Armor: Plate armour      |    65 |   189 |   144 ||   398
       Scale mail        |     3 |       |       ||     3
Dodge: Dodged            |     7 |    15 |    17 ||    39
Block: Tower shield      |   114 |   275 |   263 ||   652

Table legend: (Time is in decaauts)
 A = Elapsed time spent in this place.
 B = Non-inter-level travel time spent in this place.
 C = Inter-level travel time spent in this place.
 D = Time resting spent in this place.
 E = Time spent auto-exploring this place.
 F = Levels seen in this place.
 G = Mean time per level.
                   A        B        C        D        E       F      G
               +--------+--------+--------+--------+--------+-----+--------+
         Total |   6544 |   6343 |    201 |    407 |   4520 |   8 |  818.0 |
       Dungeon |   6544 |   6343 |    201 |    407 |   4520 |   8 |  818.0 |
               +--------+--------+--------+--------+--------+-----+--------+

Top non-repeatable levels by time:
     D:1: 1197 daAuts
     D:2: 1039 daAuts
     D:3: 1014 daAuts
     D:6: 948 daAuts
     D:5: 833 daAuts
     D:7: 776 daAuts
     D:4: 544 daAuts
     D:8: 188 daAuts
